 Dungeon Crawl Stone Soup version 0.31.0-11-ge490571c62 (webtiles) character file.

Game seed: 14077320988605625931

74 qw the Shooter (level 4, -5/25 HPs)
             Began as a Deep Elf Hunter on Feb 4, 2024.
             Slain by a gnoll
             ... wielding a +0 flail
              (10 damage)
             ... on level 3 of the Dungeon.
             The game lasted 00:00:07 (2041 turns).

qw the Shooter (Deep Elf Hunter)                    Turns: 2041, Time: 00:00:07

Health: -5/25      AC:  6    Str: 10    XL:     4   Next: 9%
Magic:  6/6        EV: 11    Int: 14    God:
Gold:   110        SH:  0    Dex: 18    Spells: 3/3 levels left

rFire   . . .        a - +0 shortbow
rCold   . . .        (shield currently unavailable)
rNeg    . . .        d - +0 ring mail
rPois   .            j - +1 hat
rElec   .            (no cloak)
rCorr   .            (no gloves)
SInv    .            (no boots)
Will    .....        (no amulet)
Stlth   +            (no ring)
HPRegen 0.24/turn    (no ring)
MPRegen 0.10/turn

%: no passive effects
@: no status effects
A: no striking features
a: no special abilities


You were on level 3 of the Dungeon.
You visited 1 branch of the dungeon, and saw 3 of its levels.

You collected 110 gold pieces.


   Skills:
 - Level 1.5 Fighting
 + Level 7.5 Ranged Weapons
 - Level 2.4 Dodging
 - Level 1.2 Stealth


You had 3 spell levels left.
You didn't know any spells.
Your spell library was empty.

Inventory:

Hand Weapons
 a - a +0 shortbow (weapon)
Armour
 d - a +0 ring mail (worn)
 e - a +0 helmet
 j - a +1 hat (worn)
Scrolls
 b - a scroll of teleportation {unknown}
Potions
 c - a potion of lignification {unknown}
 f - a potion of might
 k - a potion of curing

Dungeon Overview and Level Annotations

Branches:
Dungeon (3/15)

Altars:


Message History

The bat is severely wounded.
The bat hits you but does no damage.
You shoot an arrow. The arrow hits the bat!
You kill the bat!
A gnoll comes into view. It is wielding a +0 flail.
You shoot an arrow. The arrow hits the gnoll.
The gnoll shouts!
The gnoll is moderately wounded.
You hear a shout!
A gnoll comes into view. It is wielding a +0 club.
You shoot an arrow. The arrow hits the gnoll.
The gnoll is lightly wounded.
You shoot an arrow. The arrow hits the gnoll.
The gnoll is moderately wounded.
The gnoll closely misses you.
You shoot an arrow. The arrow barely misses the gnoll.
You shoot an arrow. The arrow hits the gnoll.
The gnoll is heavily wounded.
The gnoll hits you with a +0 club.
A gnoll comes into view. It is wielding a +0 whip.
You shoot an arrow. The arrow hits the gnoll.
The gnoll is severely wounded.
The gnoll barely misses you. The gnoll hits you with a +0 club.
You shoot an arrow. The arrow barely misses the gnoll.
The gnoll misses you.
A gnoll comes into view. It is wielding a +0 halberd.
The gnoll misses you. The gnoll hits you with a +0 club.
The gnoll completely misses you. The gnoll closely misses you.
You shoot an arrow.
The arrow hits the gnoll but does no damage.
The gnoll is severely wounded.
The gnoll hits you but does no damage.
The gnoll hits you from afar with a +0 halberd!
The gnoll hits you with a +0 club.
You shoot an arrow. The arrow closely misses the gnoll.
The gnoll hits you but does no damage. The gnoll misses you. x2
You shoot an arrow. The arrow hits the gnoll.
You kill the gnoll!
The gnoll barely misses you. The gnoll hits you with a +0 flail!
You die...

.........#####......##.
..############......##.
.. #.......'......+..
#.......#......##.
#.......######....
#.......# #...
#.......# #...
#.......# #...
#@).....# #...
#g########### #...


#gg ......#... #### #.....#.#. +........> #.....#.## #.....#.# #... #.# #.. #.#
You could see 3 gnolls.

Vanquished Creatures
  A gnoll (D:3)
  2 adders (D:2)
  A ribbon worm (D:3)
  A dart slug (D:3)
  4 orcs (D:3)
  4 ball pythons
  8 bats
  2 endoplasms
  5 goblins
  2 hobgoblins
  4 kobolds
  4 quokkas
  5 frilled lizards
  4 rats
47 creatures vanquished.

Notes
Turn   | Place    | Note
-------+----------+-------------------------------------------
     0 | D:1      | qw the Deep Elf Hunter began the quest for the Orb.
     0 | D:1      | Reached XP level 1. HP: 12/12 MP: 3/3
     0 | D:1      | 0 ||| qw: Version: 0.3-a-160-g6735b56
     0 | D:1      | 0 ||| qw: Game counter: 5299
     0 | D:1      | 0 ||| qw: Melee chars always use a shield: true
     0 | D:1      | 0 ||| qw: God list: Okawaru
     0 | D:1      | 0 ||| qw: Allow faded altars: false
     0 | D:1      | 0 ||| qw: Do Orc after clearing Dungeon:15 true
     0 | D:1      | 0 ||| qw: Do second Lair branch before Depths: true
     0 | D:1      | 0 ||| qw: Lair rune preference: random
     0 | D:1      | 0 ||| qw: Goals: Normal
     0 | D:1      | 0 ||| PLANNING D:1-11
   215 | D:1      | 215 ||| DROPPING +3 sling.
   236 | D:1      | Reached skill level 6 in Ranged Weapons
   236 | D:1      | Reached XP level 2. HP: 14/16 MP: 4/4
   801 | D:1      | 801 ||| UPGRADING to +0 ring mail.
   811 | D:1      | 811 ||| DROPPING +0 leather armour.
   812 | D:1      | 812 ||| UPGRADING to +1 hat.
   817 | D:1      | 817 ||| READING 2 scrolls labelled VICHUDARHU.
   817 | D:1      | 817 ||| IDENTIFYING smoky dark potion
   818 | D:1      | 818 ||| READING scroll of identify.
   818 | D:1      | 818 ||| IDENTIFYING fizzy ruby potion
   819 | D:1      | 819 ||| READING scroll labelled FUPHIG NAL.
   920 | D:1      | 920 ||| READING scroll labelled ZIHIHI OFYFIS.
   921 | D:1      | 921 ||| DROPPING scroll of butterflies.
   922 | D:1      | 922 ||| DROPPING potion of degeneration.
  1075 | D:2      | Reached XP level 3. HP: 20/20 MP: 5/5
  1337 | D:2      | Reached skill level 7 in Ranged Weapons
  1575 | D:2      | 1575 ||| READING 2 scrolls labelled MUNNUODDONT.
  1576 | D:2      | 1576 ||| DRINKING 2 smoky inky potions.
  1577 | D:2      | 1577 ||| DROPPING scroll of fear.
  1892 | D:3      | HP: 3/20 [orc/+0 morningstar (10)]
  1893 | D:3      | HP: 1/20 [orc/+0 club (2)]
  1897 | D:3      | Reached XP level 4. HP: 3/25 MP: 6/6
  2039 | D:3      | HP: 5/25 [gnoll/+0 club (2)]
  2041 | D:3      | Slain by a gnoll

Levels and vault maps discovered:
D:1:      lightli_arrival_statue_moat, layout_loops_ring, dk_noncrumbling_4,
          hangedman_decor_growths, hangedman_abyss_or_decor_lesser_grid,
          roderic_roman_lattice
D:2:      layout_loops_cross, dreamdust_princess_corridor, supply_closet_lemuel
D:3:      layout_basic

Skill      XL: |  1  2  3 |
---------------+----------+-----
Ranged Weapons | 6 7 |  7.5
Fighting       | |  1.5
Dodging        | |  2.4
Stealth        | |  1.2

Action                     |  1- 3 |  4- 6 || total
---------------------------+-------+-------++-------
   Fire: Shortbow          |   125 |    31 ||   156
    Use: Scroll            |     5 |       ||     5
         Potion            |     1 |       ||     1
 Armour: Leather armour    |     8 |       ||     8
         Ring mail         |    22 |    19 ||    41
  Dodge: Dodged            |    31 |    25 ||    56

Table legend:
 A = Non-vault XP
 B = Vault XP
 C = Vault XP percentage of total XP
 D = Non-vault monster count
 E = Vault monster count
 F = Vault count percentage of total count
                 A         B        C        D         E       F
            +---------+---------+-------+---------+---------+-------
      Total |     121 |       0 |   0.0 |      47 |       0 |   0.0
            +---------+---------+-------+---------+---------+-------
        D:1 |      22 |       0 |   0.0 |      13 |       0 |   0.0
        D:2 |      54 |       0 |   0.0 |      21 |       0 |   0.0
        D:3 |      45 |       0 |   0.0 |      13 |       0 |   0.0
            +---------+---------+-------+---------+---------+-------
